 Dungeon Crawl Stone Soup version 0.17-a0-2027-gcac42c4 (webtiles) character file.

342 Gorice the Covert (level 6, -3/30 HPs)
             Began as a Felid Wanderer on Oct 4, 2015.
             Was an Initiate of Dithmenos.
             Slain by a human zombie (5 damage)
             ... in an ossuary on Oct 10, 2015.
             The game lasted 00:31:38 (7108 turns).

Gorice the Covert (Felid Wanderer)                  Turns: 7108, Time: 00:31:39

Health: -3/30      AC:  2    Str: 10    XL:     6   Next: 30%
Magic:  8/8        EV: 15    Int: 12    God:    Dithmenos [......]
Gold:   281        SH:  0    Dex: 17    Spells: 0 memorised, 5 levels left
                                        Lives:  0   Deaths: 1

rFire  . . .     SeeInvis +       - Unarmed
rCold  . . .     Clarity  .     (armour unavailable)
rNeg   + . .     SustAt   .     (shield unavailable)
rPois  .         Gourm    .     (helmet unavailable)
rElec  .         Spirit   .     (cloak unavailable)
rCorr  .         Warding  .     (gloves unavailable)
rMut   .         Stasis   .     (boots unavailable)
MR     .....                    (no amulet)
Stlth  +++++.....               (no ring)
                                m - ring of positive energy

@: very slightly contaminated, hasted, very quick, not resistant to hostile
enchantments, quite stealthy
A: no armour, no weapons or thrown items, claws 1, fangs 3, see invisible,
carnivore 3, speed 1, shaggy fur 2, slow metabolism 1, sharp paws
a: Renounce Religion


You were in an ossuary.
You worshipped Dithmenos.
Dithmenos was noncommittal.
You were completely stuffed.

You visited 2 branches of the dungeon, and saw 7 of its levels.
You also visited: Ossuary.

You collected 281 gold pieces.

Inventory:

Jewellery
 m - a ring of positive energy (left paw)
Wands
 c - a wand of random effects (13)
 t - a wand of polymorph (15)
Scrolls
 b - 3 scrolls of teleportation {!r}
 f - a scroll of fog {unknown}
 g - a scroll of blinking {unknown}
 h - 3 scrolls of remove curse
 k - a scroll of magic mapping {!r}
 l - a scroll of recharging {unknown}
 o - a scroll of fear {!r}
 p - a scroll of enchant weapon {unknown}
 q - a scroll of immolation {unknown}
Potions
 a - a potion of haste {!q}
 j - a potion of ambrosia {!q}
Comestibles
 d - 3 meat rations {!e}
 r - a slice of pizza


   Skills:
 - Level 5.0 Fighting
 - Level 8.2 Stealth
 * Level 4.9 Unarmed Combat
 - Level 2.1 Evocations


You had 5 spell levels left.
You didn't know any spells.

Dungeon Overview and Level Annotations

Branches:
Dungeon (6/15)             Temple (1/1) D:4

Altars:
Ashenzari
Cheibriados
Dithmenos
Elyvilon
Fedhas
Kikubaaqudgha
Makhleb
Nemelex Xobeh
Qazlal
Sif Muna
Trog
Vehumet
Yredelemnul
Zin
The Shining One

Shops:
D:5 [

Annotations:
D:2 pUX, Robin
D:3 pUX: phantom, exclusions: giant gecko, phantom and quokka
D:4 pUX
D:5 pUX, exclusions: 2 gnolls, ice beast, ogre and phantom


Innate Abilities, Weirdness & Mutations

You cannot wear armour.
You are incapable of wielding weapons or throwing items.
You have sharp claws.
You have razor-sharp teeth.
You have supernaturally acute eyesight.
You are carnivorous and can eat meat at any time.
You cover ground quickly.
You are covered in thick fur (AC +2).
You have a slow metabolism.
Your sharp claws are effective at attacking unaware monsters.


Message History

You destroy the kobold zombie!
Dithmenos accepts your kill.
You barely miss the human zombie. The human zombie hits you.
* * * LOW HITPOINT WARNING * * *
Damage: 6 (max 6)
You barely miss the human zombie. The human zombie hits you.
* * * LOW HITPOINT WARNING * * *
Damage: 3 (max 6)
You scratch the human zombie. The human zombie hits you.
* * * LOW HITPOINT WARNING * * *
Damage: 1 (max 6) Drink which item? (? for menu, Esc to quit)
You feel better.
You scratch the human zombie. The human zombie closely misses you.
You claw the human zombie! The human zombie hits you!
* * * LOW HITPOINT WARNING * * *
Damage: 7 (max 7)
You scratch the human zombie but do no damage.
You claw the human zombie! The human zombie misses you.
You completely miss the human zombie. The human zombie barely misses you.
You scratch the human zombie. The human zombie hits you.
* * * LOW HITPOINT WARNING * * *
Damage: 2 (max 7) Drink which item? (? for menu, Esc to quit)
You feel better.
Drink which item? (? for menu, Esc to quit)
Really quaff
a - 2 potions of haste {!q}?
You feel yourself speed up. The human zombie hits you.
* * * LOW HITPOINT WARNING * * *
The mummy closely misses you.
You are very lightly contaminated with residual magic.
Damage: 1 (max 7)
You scratch the mummy but do no damage. The human zombie hits you.
* * * LOW HITPOINT WARNING * * *
Damage: 1 (max 7)
You claw the mummy!
The mummy is moderately damaged.
You closely miss the mummy.
The mummy is moderately damaged.
The human zombie closely misses you. The mummy misses you.
You scratch the mummy.
The mummy is severely damaged.
You claw the mummy!
You destroy the mummy!
Dithmenos accepts your kill. The human zombie hits you.
* * * LOW HITPOINT WARNING * * *
Damage: 4 (max 7)
You barely miss the human zombie. The human zombie hits you.
You die...

.....####
.................#
..................#
...........##.....#
Z..........##.....#
..................#
........ZZ.Z.Z....#
...............#..#
............Z.##@Z#
...∩..........##.∩#
...∩..........##..#
..........Z....#..#
...Z..............#
...........##.....#
...........##.....#
...Z.........M....#
..................#


You could see a human zombie.

Vanquished Creatures
  A giant frog (D:6)
  A hound (D:5)
  2 iguanas
  A giant frog skeleton (D:4)
  A worker ant (D:4)
  A hound zombie (Ossuary)
  A hound skeleton (D:4)
  A mummy (Ossuary)
  2 gnolls (D:5)
  10 adders
  2 oozes
  2 worms
  2 giant geckos
  11 orcs
  10 bats
  6 giant cockroaches
  5 hobgoblins
  6 jackals
  A quokka (D:3)
  3 giant newts
  5 goblins
  A goblin zombie (Ossuary)
  6 kobolds
  2 kobold zombies (Ossuary)
  An orc zombie (D:6)
  A quokka skeleton (D:5)
  6 rats
91 creatures vanquished.

Notes
Turn   | Place    | Note
--------------------------------------------------------------
     0 | D:1      | Gorice the Felid Wanderer began the quest for the Orb.
     0 | D:1      | Gorice set off with: 2 potions of haste {!q}, a scroll of teleportation {!r}, a wand of random effects (15), a meat ration {!e}, a !bad item (cl:100,ty:0,pl:0,pl2:0,sp:0,qu:0), a !bad item (cl:100,ty:0,pl:0,pl2:0,sp:0,qu:0), a !bad item (cl:100,ty:0,pl:0,pl2:0,sp:0,qu:0), a !bad item (cl:100,ty:0,pl:0,pl2:0,sp:0,qu:0), a !bad item (cl:100,ty:0,pl:0,pl2:0,sp:0,qu:0), a !bad item (cl:100,ty:0,pl:0,pl2:0,sp:0,qu:0), a !bad item (cl:100,ty:0,pl:0,pl2:0,sp:0,qu:0), a !bad item (cl:100,ty:0,pl:0,pl2:0,sp:0,qu:0), a !bad item (cl:100,ty:0,pl:0,pl2:0,sp:0,qu:0), a !bad item (cl:100,ty:0,pl:0,pl2:0,sp:0,qu:0), a !bad item (cl:100,ty:0,pl:0,pl2:0,sp:0,qu:0), a !bad item (cl:100,ty:0,pl:0,pl2:0,sp:0,qu:0), a !bad item (cl:100,ty:0,pl:0,pl2:0,sp:0,qu:0), a !bad item (cl:100,ty:0,pl:0,pl2:0,sp:0,qu:0), a !bad item (cl:100,ty:0,pl:0,pl2:0,sp:0,qu:0), a !bad item (cl:100,ty:0,pl:0,pl2:0,sp:0,qu:0), a !bad item (cl:100,ty:0,pl:0,pl2:0,sp:0,qu:0), a !bad item (cl:100,ty:0,pl:0,pl2:0,sp:0,qu:0), a !bad item (cl:100,ty:0,pl:0,pl2:0,sp:0,qu:0), a !bad item (cl:100,ty:0,pl:0,pl2:0,sp:0,qu:0), a !bad item (cl:100,ty:0,pl:0,pl2:0,sp:0,qu:0), a !bad item (cl:100,ty:0,pl:0,pl2:0,sp:0,qu:0), a !bad item (cl:100,ty:0,pl:0,pl2:0,sp:0,qu:0), a !bad item (cl:100,ty:0,pl:0,pl2:0,sp:0,qu:0), a !bad item (cl:100,ty:0,pl:0,pl2:0,sp:0,qu:0), a !bad item (cl:100,ty:0,pl:0,pl2:0,sp:0,qu:0), a !bad item (cl:100,ty:0,pl:0,pl2:0,sp:0,qu:0), a !bad item (cl:100,ty:0,pl:0,pl2:0,sp:0,qu:0), a !bad item (cl:100,ty:0,pl:0,pl2:0,sp:0,qu:0), a !bad item (cl:100,ty:0,pl:0,pl2:0,sp:0,qu:0), a !bad item (cl:100,ty:0,pl:0,pl2:0,sp:0,qu:0), a !bad item (cl:100,ty:0,pl:0,pl2:0,sp:0,qu:0), a !bad item (cl:100,ty:0,pl:0,pl2:0,sp:0,qu:0), a !bad item (cl:100,ty:0,pl:0,pl2:0,sp:0,qu:0), a !bad item (cl:100,ty:0,pl:0,pl2:0,sp:0,qu:0), a !bad item (cl:100,ty:0,pl:0,pl2:0,sp:0,qu:0), a !bad item (cl:100,ty:0,pl:0,pl2:0,sp:0,qu:0), a !bad item (cl:100,ty:0,pl:0,pl2:0,sp:0,qu:0), a !bad item (cl:100,ty:0,pl:0,pl2:0,sp:0,qu:0), a !bad item (cl:100,ty:0,pl:0,pl2:0,sp:0,qu:0), a !bad item (cl:100,ty:0,pl:0,pl2:0,sp:0,qu:0), a !bad item (cl:100,ty:0,pl:0,pl2:0,sp:0,qu:0), a !bad item (cl:100,ty:0,pl:0,pl2:0,sp:0,qu:0), a !bad item (cl:100,ty:0,pl:0,pl2:0,sp:0,qu:0), a !bad item (cl:100,ty:0,pl:0,pl2:0,sp:0,qu:0), a !bad item (cl:100,ty:0,pl:0,pl2:0,sp:0,qu:0), a !bad item (cl:100,ty:0,pl:0,pl2:0,sp:0,qu:0), a !bad item (cl:100,ty:0,pl:0,pl2:0,sp:0,qu:0)
     0 | D:1      | Reached XP level 1. HP: 12/12 MP: 3/3
   322 | D:1      | Reached skill level 1 in Stealth
   669 | D:1      | Reached skill level 2 in Stealth
   703 | D:1      | Reached XP level 2. HP: 10/16 MP: 4/4
  1037 | D:1      | Reached skill level 3 in Stealth
  1237 | D:1      | Upgraded the game from 0.17-a0-1970-g7a13dd1 to 0.17-a0-1979-g1c74939
  1280 | D:2      | Noticed Robin
  1435 | D:2      | Reached skill level 4 in Stealth
  1435 | D:2      | Reached XP level 3. HP: 19/19 MP: 5/5
  1977 | D:2      | Reached skill level 5 in Stealth
  2188 | D:3      | Noticed a phantom
  2581 | D:3      | Reached XP level 4. HP: 23/23 MP: 6/6
  3009 | D:3      | Found a basalt altar of Yredelemnul.
  3300 | D:3      | Reached skill level 6 in Stealth
  3436 | D:4      | Noticed a phantom
  3667 | D:4      | Found a staircase to the Ecumenical Temple.
  3679 | Temple   | Entered the Ecumenical Temple
  3782 | Temple   | Became a worshipper of Dithmenos the Shadowed
  4038 | D:4      | Reached XP level 5. HP: 26/26 MP: 7/7
  4089 | D:4      | HP: 7/26 [orc wizard/puff of flame (3)]
  4334 | D:4      | Reached skill level 7 in Stealth
  4652 | D:4      | Noticed a phantom
  4674 | D:4      | HP: 7/26 [worker ant (5)]
  4682 | D:4      | Slain by a worker ant
  4683 | D:4      | Reached XP level 4. HP: 0/23 MP: 6/6
  4980 | D:4      | Reached skill level 8 in Stealth
  5231 | D:5      | Entered Level 5 of the Dungeon
  5242 | D:5      | Found Velijore's Armour Boutique.
  5244 | D:5      | Noticed an ogre
  5315 | D:5      | Noticed a phantom
  5329 | D:5      | HP: 5/23 [gnoll/whip (3)]
  5544 | D:5      | Upgraded the game from 0.17-a0-1979-g1c74939 to 0.17-a0-2027-gcac42c4
  5577 | D:5      | Reached XP level 5. HP: 26/26 MP: 7/7
  5626 | D:4      | Found a glowing silver altar of Zin.
  5655 | D:5      | Found a radiant altar of Vehumet.
  5909 | D:5      | Noticed an ice beast
  6449 | D:5      | Reached skill level 4 in Unarmed Combat
  6739 | D:6      | Found a sand-covered staircase.
  6750 | D:6      | Gained mutation: You are covered in thick fur (AC +2). [Felid growth]
  6750 | D:6      | Reached XP level 6. HP: 24/30 MP: 8/8
  6759 | D:6      | HP: 9/30 [adder (4)]
  6764 | D:6      | HP: 6/30 [poisoned by an adder]
  6769 | D:6      | HP: 4/30 [poisoned by an adder]
  6774 | D:6      | HP: 3/30 [poisoned by an adder]
  6782 | D:6      | HP: 2/30 [poisoned by an adder]
  7060 | Ossuary  | Entered an ossuary
  7090 | Ossuary  | HP: 6/30 [human zombie (6)]
  7092 | Ossuary  | HP: 2/30 [human zombie (1)]
  7099 | Ossuary  | HP: 3/30 [human zombie (2)]
  7106 | Ossuary  | HP: 2/30 [human zombie (4)]
  7108 | Ossuary  | Slain by a human zombie

Vault maps used:
D:1:      minmay_arrival_widening_spiral_wide
D:2:      tgw_xom, minmay_crystal_room, kennysheep_generic_room_8, uniq_robin
D:3:      lemuel_coloured_pillars_altar
D:4:      lemuel_upstairs_altar, nicolae_overflow_hidden_temple, temple_hall,
          grunt_decor_clamped, grunt_decor_resistance, minmay_tree_intersection,
          kennysheep_small_circle
D:5:      lemuel_crystal_altar, serial_shops, nicolae_shop_crystal, first_bread
D:6:      enter_ossuary_3, serial_shops, shop_statue
Temple:   jpeg_temple_clearing_12
Ossuary:  ossuary_minmay_tomb_2a

Action                   |  1- 3 |  4- 6 || total
-------------------------+-------+-------++-------
Melee: Unarmed           |   109 |   167 ||   276
Evoke: Wand              |       |     2 ||     2
  Use: Scroll            |     4 |     5 ||     9
       Potion            |       |     6 ||     6
 Stab: Sleeping          |    11 |    11 ||    22
       Distracted        |       |     1 ||     1
  Eat: Chunk             |    10 |    14 ||    24

Table legend:
 A = Turns spent in this place as a percentage of turns spent in the entire game.
 B = Non-inter-level travel turns spent in this place as a percentage of non-inter-level travel turns spent in the entire game.
 C = Inter-level travel turns spent in this place as a percentage of turns spent in this place.
 D = Turns resting spent in this place as a percentage of non-inter-level travel turns spent in this place.
 E = Turns spent auto-exploring this place as a percentage of non-inter-level travel turns spent in this place.
 F = Non-inter-level travel turns spent in this place divided by the number of levels of this place that you've seen.
                   A       B       C       D       E      F
               +-------+-------+-------+-------+-------+----------------------
         Total | 100.0 | 100.0 |   0.7 |   2.8 |   2.6 | 383.0
       Dungeon |  97.7 |  97.8 |   0.6 |   2.8 |   2.3 | 499.3
        Temple |   0.7 |   0.7 |   8.7 |   0.0 |  47.6 |  21.0
       Ossuary |   1.5 |   1.5 |   0.0 |   0.0 |   0.0 |  47.0
               +-------+-------+-------+-------+-------+----------------------

Vault maps used:
D:1:      minmay_arrival_widening_spiral_wide
D:2:      tgw_xom, minmay_crystal_room, kennysheep_generic_room_8, uniq_robin
D:3:      lemuel_coloured_pillars_altar
D:4:      lemuel_upstairs_altar, nicolae_overflow_hidden_temple, temple_hall,
          grunt_decor_clamped, grunt_decor_resistance, minmay_tree_intersection,
          kennysheep_small_circle
D:5:      lemuel_crystal_altar, serial_shops, nicolae_shop_crystal, first_bread
D:6:      enter_ossuary_3, serial_shops, shop_statue
Temple:   jpeg_temple_clearing_12
Ossuary:  ossuary_minmay_tomb_2a
